Map: Dusk Towers

Players

xKawaiian - Winner!

  • Race: Terran Terran
  • League: Master

Paco

  • Race: Terran Terran
  • League: Master

VOD

Have the link to the VOD?

Description

Time

  • Played on: Jan. 17, 2016, 4:41 p.m.
  • Length: 16:26
Show
View Real Time Build Order
Export as new Build Order

xKawaiian Terran - Winner!

Build Orders: Reaper Expand, MMM Bio 

Get SALT Encoding   

  12  0:00  SCV  
  13  0:12  SCV  
  14  0:17  Supply Depot  
  14  0:24  SCV  
  15  0:39  SCV  
  15  0:40  Barracks  
  16  0:45  Refinery  
  16  0:51  SCV  
  17  1:03  SCV  
  18  1:15  SCV  
  19  1:28  Orbital Command  
  19  1:29  Reaper  
  20  1:40  Command Center  
  20  1:54  Refinery  
  20  1:57  Supply Depot  
  20  1:58  SCV  
  20  2:01  Barracks Reactor  
  21  2:10  SCV  
  22  2:21  Factory  
  22  2:23  SCV  
  23  2:35  SCV  
  24  2:37  Marine x2  
  26  2:47  SCV  
  27  2:53  Bunker  
  27  2:55  Marine  
  27  2:56  Marine  
  29  2:59  SCV  
  30  3:08  Hellion  
  30  3:11  SCV  
  30  3:12  Orbital Command  
  33  3:16  Marine x2  
  35  3:39  Hellion x2, Starport  
  39  3:42  SCV  
  39  3:45  Barracks Tech Lab  
  39  3:47  SCV  
  42  3:55  SCV  
  42  3:58  Supply Depot  
  42  3:59  SCV  
  43  4:07  SCV, Stimpack  
  43  4:09  Hellion  
  46  4:17  Starport Tech Lab  
  46  4:20  SCV  
  49  4:27  SCV  
  49  4:29  Supply Depot  
  50  4:33  SCV  
  49  4:38  Barracks  
  49  4:40  Siege Tank, Barracks  
  50  4:53  Marine  
  50  4:55  Medivac x2  
  50  4:57  SCV x2  
  57  5:07  Supply Depot  
  57  5:09  SCV  
  57  5:10  SCV  
  57  5:11  Marine  
  60  5:18  Engineering Bay  
  60  5:20  Supply Depot  
  60  5:24  Supply Depot  
  60  5:26  Barracks Reactor x2  
  63  5:28  Siege Tank  
  63  5:29  Marine  
  63  5:31  SCV x2  
  63  5:34  Medivac  
  68  5:37  Refinery x2  
  68  5:43  SCV  
  68  5:45  SCV  
  68  5:46  Marine  
  71  5:50  Barracks  
  71  5:52  Barracks  
  71  5:56  SCV  
  72  5:59  SCV  
  72  6:01  Terran Infantry Weapons Level 1  
  72  6:03  Marine x4  
  77  6:04  Marine  
  77  6:08  Combat Shields, SCV  
  79  6:19  SCV  
  79  6:20  Marine  
  79  6:21  Marine x3  
  84  6:26  Command Center  
  84  6:28  Marine  
  85  6:38  Marine  
  85  6:39  Barracks Reactor, Supply Depot x2  
  86  6:44  Barracks Reactor  
  86  7:01  SCV, Medivac x2, Siege Tank, Marine x4  
  98  7:02  Marine  
  99  7:09  Armory, Engineering Bay  
  99  7:17  SCV, Sensor Tower  
  99  7:18  SCV, Marine  
  102  7:32  Supply Depot  
  102  7:34  Supply Depot  
  102  7:37  SCV, Medivac, Marine x6  
  102  7:43  Terran Infantry Armor Level 1  
  111  7:47  Missile Turret x2  
  111  7:54  Missile Turret  
  111  7:56  Terran Vehicle Weapons Level 1  
  111  7:58  Terran Infantry Weapons Level 2  
  111  8:05  Orbital Command  
  111  8:08  SCV x2  
  111  8:12  Marine x2  
  115  8:13  Marine  
  115  8:14  Marine  
  115  8:16  Marine  
  118  8:20  SCV, Marine x2  
  118  8:21  Medivac  
  118  8:24  Medivac  
  118  8:25  Marine  
  118  8:26  Marine  
  127  8:35  Marine x3  
  127  8:37  Supply Depot  
  127  8:38  Supply Depot  
  130  8:48  Marine x3  
  133  8:57  Supply Depot x2  
  133  8:58  Siege Tank, Medivac x2  
  133  8:59  Supply Depot  
  133  9:00  Marine  
  126  9:07  Marine  
  110  9:12  SCV x2  
  110  9:14  SCV  
  105  9:21  Marine x2  
  105  9:24  SCV, Marine x2  
  108  9:28  Medivac  
  108  9:30  Siege Tank  
  115  9:33  Command Center  
  115  9:34  SCV, Marine x2  
  115  9:35  Marine  
  119  9:40  Refinery  
  119  9:42  Refinery  
  119  9:43  Marine x2  
  119  9:44  Marine  
  122  9:49  Marine  
  122  9:50  Factory, Marine  
  122  9:52  Factory  
  123  9:53  Marine  
  123  9:55  Marine x3  
  127  10:01  Marine x2  
  127  10:05  Marine  
  130  10:07  Marine  
  130  10:09  Marine  
  130  10:10  Marine  
  133  10:18  Siege Tank  
  119  10:26  Marine, Medivac x2  
  119  10:27  Marine  
  125  10:28  SCV x2  
  125  10:29  SCV  
  125  10:35  Factory Tech Lab  
  128  10:36  Factory Tech Lab  
  128  10:37  Terran Infantry Weapons Level 3, Terran Infantry Armor Level 2  
  128  10:41  SCV x3  
  131  10:43  Marine x3  
  131  10:44  Marine x5  
  131  10:45  Marine  
  140  10:52  Planetary Fortress  
  140  10:54  SCV  
  141  11:01  Marine x4  
  141  11:02  Supply Depot  
  141  11:03  Marine  
  146  11:04  Supply Depot  
  146  11:08  Marine x2  
  146  11:09  Marine x2  
  150  11:13  Terran Vehicle Weapons Level 2  
  150  11:19  Marine x2  
  150  11:21  Marine  
  150  11:22  Marine x2  
  155  11:26  Barracks, Marine  
  155  11:28  Barracks  
  155  11:34  Marine x3  
  155  11:37  Medivac x2, Marine  
  162  11:40  Marine x4  
  162  11:44  Refinery  
  162  11:45  Supply Depot, Marine  
  167  11:48  Refinery  
  167  11:51  Marine  
  168  11:57  Marine x3  
  171  12:05  Marine  
  171  12:06  Marine x2  
  174  12:14  Marine  
  174  12:15  Marine  
  174  12:25  Marine  
  174  12:26  Marine  
  174  12:29  Siege Tank, Medivac x2  
  170  12:38  Marine x4  
  170  12:39  Barracks Reactor x2  
  170  12:40  Siege Tank  
  170  12:41  Marine x2  
  170  12:42  Marine  
  162  12:49  Marine  
  162  12:50  Marine  
  164  12:56  Marine x4  
  168  12:59  Marine x3, Medivac x2  
  168  13:00  Refinery  
  168  13:01  Command Center  
  168  13:05  Refinery, Siege Tank  
  176  13:07  Marine  
  176  13:08  Marine  
  176  13:14  Marine x4  
  176  13:16  Siege Tank  
  176  13:17  Marine  
  165  13:22  Siege Tank  
  168  13:28  Marine x2  
  168  13:29  Medivac x2, Marine  
  168  13:37  Siege Tank  
  168  13:38  Marine x2  
  163  13:47  Marine x2  
  163  13:48  Siege Tank  
  158  13:50  Marine  
  159  13:59  Medivac x2  
  163  14:03  Missile Turret  
  163  14:05  Missile Turret  
  163  14:07  Missile Turret, Marine x2  
  163  14:09  Missile Turret, Marine  
  165  14:10  Marine x4  
  165  14:12  Missile Turret x2  
  165  14:16  Marine x2  
  172  14:19  Planetary Fortress  
  172  14:24  Missile Turret, Marine  
  172  14:25  Marine x3  
  172  14:28  Missile Turret  
  172  14:29  Medivac  
  178  14:35  Marine x3  
  178  14:36  SCV x2, Marine x2  
  185  14:42  Marine  
  185  14:43  Marine x2  
  186  14:53  Marine  
  186  14:54  Marine  
  186  14:55  Medivac  
  186  14:56  Siege Tank  
  191  15:02  Marine x2  
  191  15:06  Marine x2  
  191  15:07  Marine x6  
  159  15:18  Marine x3  
  159  15:20  Marine  
  162  15:34  Marine x7  
  162  15:35  Marine x2  
  171  15:40  Marine x3  
  174  15:51  Marine x2  
  174  15:52  Marine x5  
  174  15:53  Marine x3  
  179  15:58  Marine x3  
Show
View Real Time Build Order
Export as new Build Order

Paco Terran 

Build Orders: MMM Bio 

Get SALT Encoding   

  12  0:01  SCV  
  13  0:13  SCV  
  14  0:17  Supply Depot  
  14  0:25  SCV  
  15  0:39  SCV  
  15  0:40  Barracks  
  16  0:47  Refinery  
  16  0:51  SCV  
  17  1:03  Barracks  
  17  1:05  SCV  
  18  1:12  Refinery  
  18  1:17  SCV  
  19  1:32  Reaper  
  20  1:34  Orbital Command  
  20  1:43  Supply Depot  
  20  1:50  Reaper  
  21  1:59  SCV  
  22  2:04  Reaper  
  22  2:15  SCV  
  23  2:22  Reaper  
  24  2:26  Supply Depot  
  24  2:27  SCV  
  25  2:36  Reaper  
  26  2:39  SCV  
  27  2:54  Command Center, SCV  
  29  3:06  SCV  
  29  3:11  Barracks  
  30  3:21  Factory  
  28  3:27  Barracks Reactor, Barracks Tech Lab  
  28  3:29  SCV  
  29  3:41  SCV  
  30  3:45  Supply Depot, Engineering Bay  
  30  3:52  Marine  
  30  3:53  SCV, Stimpack  
  32  3:59  Marine  
  33  4:05  SCV, Factory Reactor  
  34  4:10  Marine  
  34  4:14  Orbital Command  
  35  4:18  Starport  
  35  4:19  Marine  
  35  4:23  Marine  
  37  4:28  SCV  
  38  4:34  Missile Turret  
  38  4:40  SCV  
  38  4:44  Marine  
  40  4:52  SCV  
  37  4:53  Marine x2  
  37  4:54  Factory Tech Lab  
  37  4:57  Marine  
  37  4:58  Viking  
  37  4:59  SCV  
  43  5:03  Missile Turret  
  43  5:11  SCV  
  43  5:13  Cyclone, Marine  
  48  5:16  Marine x2  
  50  5:23  SCV x2  
  50  5:27  Medivac  
  50  5:28  Supply Depot  
  54  5:32  Marine x2  
  54  5:34  Terran Infantry Weapons Level 1  
  56  5:39  SCV x2  
  58  5:44  Supply Depot  
  58  5:49  Siege Tank  
  61  5:51  SCV x2  
  61  5:55  Combat Shields  
  63  6:00  Supply Depot, Starport Reactor  
  63  6:04  SCV  
  63  6:05  SCV  
  65  6:12  Refinery  
  65  6:16  Command Center  
  65  6:17  Refinery  
  65  6:20  Marine x3  
  68  6:26  SCV x2  
  68  6:30  Siege Tank  
  73  6:34  Supply Depot  
  73  6:38  SCV  
  74  6:44  Barracks  
  74  6:45  Medivac x2  
  74  6:46  Barracks  
  78  6:49  Marine x2  
  78  6:53  SCV x2  
  82  6:57  Supply Depot  
  82  7:00  Marine  
  82  7:01  Marine  
  83  7:04  Supply Depot  
  83  7:07  Supply Depot  
  83  7:12  Marine  
  83  7:14  SCV x2  
  83  7:15  Supply Depot, Marine  
  87  7:25  Supply Depot, Marine  
  87  7:26  SCV, Marine x2  
  91  7:33  Medivac  
  91  7:34  Missile Turret  
  91  7:35  Marine  
  94  7:40  SCV x2  
  94  7:43  Missile Turret  
  96  7:44  Barracks Reactor x2  
  96  7:52  SCV x2  
  96  7:54  Siege Tank  
  101  8:00  Orbital Command  
  101  8:02  Viking  
  101  8:04  SCV  
  104  8:07  Viking  
  106  8:16  SCV x2  
  106  8:18  Sensor Tower  
  107  8:20  Terran Infantry Armor Level 1  
  107  8:25  Engineering Bay  
  107  8:36  SCV, Viking  
  107  8:37  Viking  
  107  8:41  Supply Depot  
  112  8:48  Siege Tank  
  115  8:51  Marine x3  
  117  9:01  SCV  
  117  9:04  Marine  
  117  9:05  Marine  
  117  9:06  Viking  
  117  9:08  SCV, Marine x3  
  113  9:17  Armory  
  113  9:21  Barracks  
  113  9:22  SCV  
  113  9:23  Barracks  
  114  9:25  Barracks  
  114  9:29  Refinery, Sensor Tower  
  114  9:31  Missile Turret, Marine x2  
  116  9:42  Marine x3  
  116  9:43  Siege Tank  
  121  9:54  Marine x3  
  121  9:55  Factory, Marine x2  
  121  9:56  Marine  
  121  9:57  SCV  
  128  10:00  SCV, Marine x3  
  128  10:05  SCV  
  133  10:12  Marine x2  
  135  10:20  Marine x6  
  94  10:27  SCV  
  82  10:30  Barracks Reactor, Marine  
  82  10:32  Command Center  
  82  10:34  Barracks Reactor  
  84  10:36  Barracks Reactor  
  84  10:38  Medivac x2  
  84  10:39  Terran Infantry Weapons Level 2  
  84  10:41  Barracks Reactor  
  87  10:45  Factory Tech Lab  
  87  10:54  Command Center  
  87  10:59  Terran Infantry Armor Level 2, Terran Vehicle Weapons Level 1  
  87  11:01  SCV  
  88  11:08  Medivac x2  
  92  11:14  Refinery  
  92  11:19  Marine x2  
  92  11:24  Marine  
  96  11:31  Siege Tank  
  96  11:32  SCV  
  99  11:34  SCV  
  99  11:38  Medivac x2  
  99  11:39  Marine x9  
  107  11:47  Marine x2  
  111  11:49  Missile Turret  
  111  11:50  Siege Tank  
  116  11:58  Marine x7  
  123  12:03  Siege Tank  
  123  12:08  SCV, Viking x2  
  130  12:13  SCV  
  130  12:14  Marine x3  
  130  12:15  SCV  
  136  12:20  SCV  
  133  12:24  Marine x2  
  124  12:32  Siege Tank  
  125  12:38  Viking x2  
  125  12:39  Siege Tank, Marine  
  128  12:46  Barracks Reactor x2  
  128  12:54  SCV  
  129  13:03  Marine  
  124  13:06  SCV  
  124  13:07  SCV  
  124  13:11  Siege Tank  
  129  13:13  Marine x2  
  129  13:19  Marine  
  116  13:20  Marine x2  
  116  13:22  SCV  
  116  13:26  Marine  
  123  13:28  Planetary Fortress  
  119  13:37  Marine x2  
  119  13:38  SCV  
  119  13:39  SCV  
  123  13:43  Siege Tank  
  123  13:44  Orbital Command  
  122  13:53  Factory Tech Lab  
  122  14:03  Marine x4  
  122  14:05  SCV x2  
  122  14:06  Refinery  
  122  14:07  Refinery  
  128  14:15  Refinery  
  128  14:16  Siege Tank  
  131  14:18  Orbital Command  
  131  14:19  Sensor Tower  
  131  14:21  Barracks Reactor, Marine  
  132  14:27  SCV x2  
  134  14:32  Missile Turret  
  133  14:41  Refinery  
  132  14:49  Marine  
  132  14:50  SCV  
  128  14:53  Marine x2  
  128  14:56  Marine x2  
  132  15:04  Marine  
  132  15:05  Marine x2  
  124  15:09  Siege Tank  
  124  15:11  Marine  
  124  15:14  Viking  
  123  15:18  Marine x2  
  123  15:19  Marine  
  126  15:21  Barracks  
  126  15:22  Barracks  
  126  15:24  SCV x3  
  126  15:25  Barracks  
  128  15:34  Missile Turret  
  128  15:36  SCV x2  
  128  15:37  SCV, Marine  
  132  15:54  Marine  
  132  15:59  Marine x3  
  132  16:00  Marine  
  132  16:02  Marine x2  
  132  16:05  SCV  
  132  16:06  Marine x2  
  132  16:07  SCV, Marine  
Tags
 
Add a new tag
Caveats
  • Supply blocks, unpowered buildings, or Contaminate may cause inaccurate times.
  • Supply counts are checked every 10 seconds.